 Dungeon Crawl Stone Soup version 0.18-a0-1554-g49b38aa (webtiles) character file.

10945 Deemzul the Martial Artist (level 11, 0/78 HPs)
             Began as an Octopode Monk on Mar 12, 2016.
             Was an Elder of Dithmenos.
             Shot with an arrow by a centaur warrior (19 damage)
             ... on level 11 of the Dungeon.
             The game lasted 00:25:36 (11223 turns).

Deemzul the Martial Artist (Octopode Monk)         Turns: 11223, Time: 00:25:36

Health: 0/78       AC:  1    Str: 12    XL:     11   Next: 70%
Magic:  23/23      EV: 14    Int: 13    God:    Dithmenos [****..]
Gold:   558        SH: 12    Dex: 23    Spells: 1 memorised, 14 levels left

rFire  + + .     SeeInvis .       - Unarmed
rCold  . . .     Gourm    .     w - +2 shield {reflect}
rNeg   . . .     Faith    .     (helmet restricted)
rPois  +         Spirit   .     (no amulet)
rElec  +         Dismiss  .     l - ring of sustain attributes
rCorr  .         Reflect  +     H - ring of Sibomoumm {rElec rF+ MP+9 Dex+5}
SustAt +         Harm     .     (no ring)
MR     .....                    (no ring)
Stlth  ++++++++++               (no ring)
                                (no ring)
                                (no ring)
                                (no ring)

@: appendage (expiring), wreathed by umbra, not resistant to hostile
enchantments, uncannily stealthy
A: almost no armour, amphibious, 8 rings, constrict 8, tentacle spike 3,
camouflage 1, fire resistance 1, poison resistance, strong 1, gelatinous body 1
a: End Transformation, Shadow Step, Renounce Religion


You were on level 11 of the Dungeon.
You worshipped Dithmenos.
Dithmenos was greatly pleased with you.
You were hungry.
One of your tentacles had a temporary spike.
You visited 3 branches of the dungeon, and saw 15 of its levels.
You also visited: Volcano.

You collected 1201 gold pieces.
You spent 643 gold pieces at shops.

Inventory:

Missiles
 C - 4 throwing nets (quivered)
Armour
 r - a +0 buckler
 w - a +2 shield of reflection (worn)
 x - a +0 shield
Jewellery
 l - a ring of sustain attributes (left tentacle)
 v - an uncursed ring of fire
 H - the ring of Sibomoumm (right tentacle) {rElec rF+ MP+9 Dex+5}
   (You bought it in a shop on level 1 of the Orcish Mines)

   [ring of protection from fire]

   It affects your dexterity (+5).
   It protects you from fire.
   It insulates you from electricity.
   It affects your magic capacity (+9).
Wands
 o - a wand of slowing (4/48)
 q - a wand of lightning (3/15)
 y - a wand of slowing (19/48)
 D - a wand of acid (3/15)
 E - a wand of disintegration (13/24)
Scrolls
 b - 6 scrolls of identify {unknown}
 e - a scroll of amnesia
 f - 2 scrolls of noise
 g - 3 scrolls of remove curse
 h - 5 scrolls of magic mapping
 i - a scroll of brand weapon
 m - a scroll of enchant weapon
 A - a scroll of vulnerability {unknown}
 F - a scroll of torment {unknown}
 G - a scroll of recharging
Potions
 c - 2 potions of agility
 d - a potion of magic
 s - a potion of brilliance
 u - 2 potions of curing
Books
 k - a book of Annihilations

   Spells                             Type                      Level
   a - Poison Arrow                   Conjuration/Poison           6
   b - Chain Lightning                Conjuration/Air              8
   c - Lehudib's Crystal Spear        Conjuration/Earth            8
   d - Glaciate                       Conjuration/Ice              9
   e - Fire Storm                     Conjuration/Fire             9
 p - a book of Changes

   Spells                             Type                      Level
   a - Beastly Appendage              Transmutation                1
   b - Sticks to Snakes               Transmutation                2
   c - Spider Form                    Transmutation/Poison         3
   d - Ice Form                       Ice/Transmutation            4
   e - Blade Hands                    Transmutation                5
 t - a book of Ice

   Spells                             Type                      Level
   a - Ice Form                       Ice/Transmutation            4
   b - Metabolic Englaciation         Hexes/Ice                    5
   c - Ozocubu's Refrigeration        Ice                          6
   d - Bolt of Cold                   Conjuration/Ice              6
   e - Freezing Cloud                 Conjuration/Ice/Air          6
   f - Simulacrum                     Ice/Necromancy               6
Comestibles
 a - 13 bread rations
 j - 4 beef jerkies
 n - 6 meat rations
 z - 3 fruits


   Skills:
 + Level 8.8 Fighting
 + Level 8.6 Dodging
 + Level 11.6 Stealth
 + Level 3.9 Shields
 * Level 11.9 Unarmed Combat
 + Level 2.5 Spellcasting
 + Level 2.3 Transmutations


You had 14 spell levels left.
You knew the following spells:

 Your Spells              Type           Power        Failure   Level  Hunger
a - Beastly Appendage     Trmt           #.....       45%         1    #......


Dungeon Overview and Level Annotations

Branches:
Dungeon (12/15)            Temple (1/1) D:5             Orc (2/2) D:10
    Elf (0/3) Orc:2
   Lair: D:8-11

Altars:
Ashenzari
Cheibriados
Dithmenos
Elyvilon
Fedhas
Gozag
Kikubaaqudgha
Makhleb
Nemelex Xobeh
Okawaru
Pakellas
Qazlal
Ru
Sif Muna
Trog
Vehumet
Xom
Yredelemnul
Zin
The Shining One
Beogh

Shops:
Orc:1 =

Annotations:
D:8 Joseph
Orc:2 MenacingMecha's ghost, journeyman OgBe


Innate Abilities, Weirdness & Mutations

You cannot wear most types of armour.
You are amphibious.
You can wear up to eight rings at the same time.
You can use your tentacles to constrict eight enemies at once.
Your skin changes colour to match your surroundings (Stealth).
Your rubbery body absorbs attacks (AC +1).
One of your tentacles bears a large vicious spike.
Your flesh is heat resistant.
Your system is resistant to poisons.
Your muscles are strong. (Str +2)


Message History

The centaur wields a shortbow.
The centaur shoots an arrow.
The arrow barely misses you. You block the soldier ant's attack.
The centaur warrior shoots an arrow.
The arrow hits you!!
You release your grip on the soldier ant.
The centaur shoots an arrow.
The arrow hits you!
You see here an arrow.
Unknown command.
Your transformation is almost over.
The centaur warrior shoots an arrow.
The arrow closely misses you.
The centaur shoots an arrow.
The arrow misses you.
There is a stone staircase leading down here.
Unknown command.
The centaur warrior shoots an arrow.
You reflect the arrow off your +2 shield of reflection!
The arrow hits the centaur warrior!!
The centaur shoots an arrow.
The arrow hits you!
* * * LOW HITPOINT WARNING * * *
You block the soldier ant's attack.
The centaur warrior shoots an arrow.
The arrow hits you!!
You die...

..#.##...# ..#.##...#
.........# #####
..#.##...# ######...##
..#.##...# #......⌠.⌠##
..#[####.# #......._..#
..#.# ..##.....((.⌠.#
#.#.#####.##....a(....#
................@....##
###.....c..#.........##
...... #..........#
..... #..........#
..... (.......###.#
......cc.....# #.#
....c.c......# #.#
...#+#.#####.#
............#


You could see a centaur warrior, a soldier ant and 3 centaurs.

Vanquished Creatures
  Harold (D:11)
  An orc knight (Orc:2)
  2 orc sorcerers (Orc:2)
  A cyclops (Orc:1)
  A centaur skeleton (D:11)
  A yaktaur (Volcano)
  4 trolls
  A shadow (D:12)
  A spriggan (D:10)
  A yak (D:9)
  A human (D:10)
  3 hippogriffs
  A warg (Orc:1)
  Menkaure (D:6)
  20 orc warriors
  An eye of draining (D:10)
  12 ogres
  A wasp (D:9)
  A black bear (D:7)
  A necrophage (D:10)
  3 ice beasts
  4 centaurs
  4 giant frogs
  A scorpion (D:4)
  7 wights
  A crimson imp (D:5)
  A quasit (D:7)
  2 hounds
  A jelly (D:10)
  10 orc priests
  2 giant frog skeletons
  16 orc wizards
  3 iguanas
  5 worker ants
  A hound skeleton (D:5)
  A howler monkey zombie (D:6)
  10 adders
  3 gnolls (D:3)
  2 shadow imps
  2 oozes
  An adder skeleton (D:4)
  A worm (D:5)
  3 dart slugs
  3 giant geckos
  50 orcs
  4 giant cockroaches
  4 goblins
  2 hobgoblins (D:1)
  2 jackals (D:1)
  5 kobolds
  4 quokkas
  A ball python (D:5)
  2 bats
  2 giant newts
  A goblin zombie (D:10)
  2 jackal skeletons (D:10)
  A jackal zombie (D:10)
  3 rats
226 creatures vanquished.

Vanquished Creatures (others)
  A centaur (Volcano)
1 creature vanquished.

Grand Total: 227 creatures vanquished

Notes
Turn   | Place    | Note
--------------------------------------------------------------
     0 | D:1      | Deemzul the Octopode Monk began the quest for the Orb.
     0 | D:1      | Reached XP level 1. HP: 16/16 MP: 1/1
   286 | D:1      | Reached XP level 2. HP: 17/21 MP: 2/2
  1035 | D:2      | Reached XP level 3. HP: 26/26 MP: 3/3
  1324 | D:2      | Found a faded altar to an unknown god.
  1690 | D:3      | Found a deep blue altar of Sif Muna.
  1728 | D:3      | Reached XP level 4. HP: 32/32 MP: 4/4
  1748 | D:3      | Reached XP level 5. HP: 36/41 MP: 5/5
  2329 | D:4      | Reached XP level 6. HP: 47/47 MP: 6/6
  2774 | D:4      | Reached XP level 7. HP: 42/53 MP: 7/7
  2990 | D:5      | Entered Level 5 of the Dungeon
  3069 | D:5      | Found a staircase to the Ecumenical Temple.
  3146 | Temple   | Entered the Ecumenical Temple
  3256 | Temple   | Became a worshipper of Dithmenos the Shadowed
  3256 | Temple   | Reached * piety under Dithmenos
  3256 | Temple   | Reached ** piety under Dithmenos
  3641 | D:6      | Reached XP level 8. HP: 58/58 MP: 8/8
  3706 | D:6      | Noticed Menkaure
  3713 | D:6      | Killed Menkaure
  4257 | D:7      | Gained mutation: Your system is resistant to poisons. [potion of mutation]
  4257 | D:7      | Gained mutation: Your muscles are strong. (Str +2) [potion of mutation]
  4257 | D:7      | Gained mutation: Your flesh is heat resistant. [potion of mutation]
  4650 | D:7      | Reached *** piety under Dithmenos
  4650 | D:7      | Reached XP level 9. HP: 59/64 MP: 9/9
  4654 | D:7      | Reached skill level 10 in Unarmed Combat
  5419 | D:8      | Found an opulent altar of Gozag.
  5447 | D:8      | Noticed Joseph
  5826 | D:10     | Entered Level 10 of the Dungeon
  5863 | D:10     | Found a runed door.
  5866 | D:10     | Found a basalt altar of Yredelemnul.
  5892 | D:10     | Reached skill level 10 in Stealth
  6306 | D:10     | Reached skill level 1 in Shields
  6306 | D:10     | Reached XP level 10. HP: 4/72 MP: 10/10
  6788 | D:10     | Noticed a hill giant
  6971 | D:10     | Found a staircase to the Orcish Mines.
  7089 | D:10     | Found a roughly hewn altar of Beogh.
  7249 | Orc:1    | Entered Level 1 of the Orcish Mines
  7260 | Orc:1    | Noticed a cyclops
  7310 | Orc:1    | You fall through a shaft!
  7310 | Orc:2    | Entered Level 2 of the Orcish Mines
  7852 | Orc:2    | Found a dark tunnel.
  7869 | Volcano  | Entered a volcano
  7974 | Orc:2    | Noticed MenacingMecha's ghost (journeyman OgBe)
  7985 | Orc:1    | Reached **** piety under Dithmenos
  8144 | D:10     | Learned a level 1 spell: Beastly Appendage
  8306 | D:11     | Noticed Harold
  8309 | D:11     | Noticed a purple ugly thing
  8321 | D:11     | Killed Harold
  8398 | D:11     | Reached XP level 11. HP: 70/78 MP: 11/11
  8571 | D:11     | Noticed a cyclops
  8727 | Orc:1    | Reached skill level 1 in Spellcasting
  8729 | Orc:1    | Reached skill level 1 in Transmutations
  8976 | Orc:2    | Noticed an orc sorcerer
  9328 | Orc:2    | Noticed an orc sorcerer
  9370 | Orc:2    | Killed an orc sorcerer
  9399 | Orc:2    | Killed an orc sorcerer
  9529 | Orc:2    | Noticed an orc knight
  9589 | Orc:2    | Noticed an orc knight
  9621 | Orc:2    | Killed an orc knight
  9638 | Orc:2    | Found a staircase to the Elven Halls.
  9984 | Orc:2    | Noticed an orc sorcerer
 10199 | Orc:2    | Noticed an orc warlord
 10456 | Orc:1    | Killed a cyclops
 10548 | Orc:1    | Found Rejied's Jewellery Shop.
 10556 | Orc:1    | Bought the ring of Sibomoumm {rElec rF+ MP+9 Dex+5} for 643 gold pieces
 11212 | D:11     | Found a sparkling altar of Nemelex Xobeh.
 11217 | D:11     | Noticed a centaur warrior
 11223 | D:11     | Shot with an arrow by a centaur warrior

Vault maps used:
D:1:      dpeg_arrival_concentric_ovals
D:2:      ecumenical_altar_2
D:3:      lemuel_crystal_altar, first_bread, minmay_item_behind_shaft
D:5:      minmay_temple_entry_large_hall
D:6:      kennysheep_potato, uniq_menkaure
D:7:      feat_on_display
D:8:      minmay_imperfect_grid, lemuel_coloured_pillars_altar, uniq_joseph
D:9:      erik_lair_orcish_takeover
D:10:     minmay_orc_entry_temple_small, the_bakery, dk_yredelemnul_ordeal
D:11:     nemelex_xobeh_ov_fountains_minmay, uniq_harold
D:12:     serial_shops, nicolae_shop_behind_doors
Temple:   kilobyte_greek_temple_18
Orc:1:    serial_shops, shop, nicolae_orc_tapped_out
Orc:2:    grunt_orc_cross, enter_volcano_2, nicolae_orc_pool_cavern,
          guppyfry_library_mini
Volcano:  volcano_caves

Skill      XL: |  1  2  3  4  5  6  7  8  9 10 11 |
---------------+----------------------------------+-----
Stealth        | 3 8 9 10 11 | 11.6
Fighting       | 6 7 8 |  8.8
Dodging        | 6 7 8 |  8.6
Unarmed Combat | 8 9 10 11 | 11.9
Shields        | 1 3 |  3.9
Spellcasting   | 2 |  2.5
Transmutations | 2 |  2.3

Action                   |  1- 3 |  4- 6 |  7- 9 | 10-12 || total
-------------------------+-------+-------+-------+-------++-------
Melee: Unarmed           |    38 |    57 |   202 |   349 ||   646
 Cast: Beastly Appendage |       |       |       |     9 ||     9
Evoke: Wand              |       |       |       |    12 ||    12
  Use: Potion            |       |     5 |     9 |     5 ||    19
       Scroll            |       |     1 |     6 |     6 ||    13
 Stab: Sleeping          |    11 |     9 |    39 |    16 ||    75
       Distracted        |     1 |       |     1 |     1 ||     3
  Eat: Chunk             |     1 |     3 |    11 |    16 ||    31
       Pizza             |       |       |     1 |       ||     1
       Fruit             |       |       |       |     1 ||     1
